 Seeded DCSS version 0.27-a0-1200-g94dc6ad4cf (webtiles) character file.

Game seed: 3409633873004942856 (custom seed)

131 flotson the Covert (level 5, -12/47 HPs)
             Began as a Gnoll Delver on May 30, 2021.
             Killed from afar by Ijyb (18 damage)
             ... with a bolt of acid
             ... on level 3 of the Dungeon.
             The game lasted 00:03:03 (2489 turns).

flotson the Covert (Gnoll Delver)                   Turns: 2489, Time: 00:03:04

Health: -12/47     AC:  6    Str: 12    XL:     5   Next: 14%
Magic:  7/7        EV: 12    Int: 10    God:
Gold:   139        SH:  0    Dex: 13    Spells: 6/6 levels left

rFire    . . .     SeeInvis .   a - +0 trident
rCold    . . .     Faith    .   (no shield)
rNeg     . . .     Spirit   .   l - +0 ring mail
rPois    .         Reflect  .   (no helmet)
rElec    .         Harm     .   q - +0 cloak
rCorr    .         Rampage  .   (no gloves)
Will     .....                  (no boots)
Stlth    ++++......             (no amulet)
HPRegen  0.15/turn              (no ring)
MPRegen  0.10/turn              (no ring)

@: no status effects
A: fangs 1, strong nose, distributed training
a: no special abilities


You were on level 3 of the Dungeon.
You visited 1 branch of the dungeon, and saw 5 of its levels.

You collected 139 gold pieces.

Inventory:

Hand Weapons
 a - a +0 trident (weapon)
 b - a +0 hunting sling
Missiles
 i - 38 sling bullets
 k - 31 poisoned darts (quivered)
Armour
 l - a +0 ring mail (worn)
 q - a +0 cloak (worn)
Jewellery
 f - a ring of ice
Wands
 g - a wand of digging (3)
Scrolls
 c - a scroll of fog
 d - 2 scrolls of magic mapping
 e - 2 scrolls of fear
 h - a scroll of enchant weapon {unknown}
 j - a scroll of brand weapon {unknown}
 n - 2 scrolls of identify {unknown}
 p - a scroll of silence {unknown}
Potions
 m - 2 potions of lignification {unknown}
 o - a potion of ambrosia {unknown}


   Skills:
 + Level 6.6 Fighting
 + Level 1.4 Short Blades
 + Level 1.4 Long Blades
 + Level 1.4 Axes
 + Level 1.4 Maces & Flails
 + Level 4.7 Polearms
 + Level 1.4 Staves
 + Level 1.4 Slings
 + Level 1.4 Bows
 + Level 1.4 Crossbows
 + Level 1.4 Throwing
 + Level 1.4 Armour
 + Level 4.7 Dodging
 + Level 9.6 Stealth
 + Level 1.4 Shields
 + Level 1.4 Unarmed Combat
 + Level 1.4 Spellcasting
 + Level 1.1 Conjurations
 + Level 1.1 Hexes
 + Level 1.1 Summonings
 + Level 1.1 Necromancy
 + Level 1.1 Translocations
 + Level 1.1 Transmutations
 + Level 1.1 Fire Magic
 + Level 1.1 Ice Magic
 + Level 1.1 Air Magic
 + Level 1.1 Earth Magic
 + Level 1.1 Poison Magic
 + Level 1.5 Invocations
 + Level 1.4 Evocations


You had 6 spell levels left.
You didn't know any spells.
Your spell library contained the following spells:

 Spells                   Type           Power      Damage    Failure   Level
 Corona                   Hex            2%         N/A       43%         1
 Ensorcelled Hibernation  Hex/Ice        4%         N/A       56%         2
 Confusing Touch          Hex            2%         N/A       80%         3
 Dazzling Flash           Conj/Hex       4%         N/A       80%         3
 Tukima's Dance           Hex            2%         N/A       80%         3


Dungeon Overview and Level Annotations

Branches:
Dungeon (5/15)
 Temple: D:4-7

Altars:

Annotations:
D:2 Sigmund
D:3 Ijyb


Innate Abilities, Weirdness & Mutations

You have very sharp teeth.
Your uncanny sense of smell can sniff out nearby items.
Your experience applies equally to all skills.


Message History

You start putting on your armour.
You continue putting on your +0 cloak. x4
You finish putting on your +0 cloak.
A dart slug comes into view.
Found 10 gold pieces.
You reach to attack!
The helpless dart slug fails to defend itself.
You puncture the dart slug!
You kill the dart slug!
No target in view!
No target in view!
No target in view!
No target in view!
No target in view!
A rat comes into view.
You reach to attack!
The helpless rat fails to defend itself.
You hit the rat.
You kill the rat!
No target in view!
No target in view!
No target in view!
No target in view!
No target in view!
You now have 139 gold pieces (gained 10).
A bat comes into view.
A bat is nearby!
Ijyb and a dart slug come into view.
Ijyb is wielding a +0 club and carrying a wand of acid (10).
Ijyb shouts!
You reach to attack!
You closely miss the bat. The bat hits you but does no damage.
You reach to attack!
You puncture the bat!
You kill the bat!
Ijyb zaps a wand.
The bolt of acid hits you!
You are splashed with acid!
You reach to attack!
You hit Ijyb.
Ijyb is lightly wounded.
Ijyb zaps a wand.
The bolt of acid hits you!
You are splashed with acid!
* * * LOW HITPOINT WARNING * * *
Ijyb zaps a wand.
The bolt of acid hits you!!
You die...

#.##..........#.#
#.##..........#..
#..##..........##.
#.###..........##.
###.##...........##.
#.......###########.
#..##...###########.
####..##.#.#...........
#.....@.##############.
#...g..## ####.
#....w.. #....
#......## ∆ #####
#......# #......#
#......# #......#


You could see Ijyb and a dart slug.

Vanquished Creatures
  Terence (D:3)
  3 gnolls (D:2)
  An adder (D:3)
  An ufetubus (D:5)
  3 worms
  2 dart slugs
  6 orcs (D:3)
  4 bats
  3 endoplasms
  2 giant cockroaches
  6 goblins
  4 hobgoblins
  A kobold (D:1)
  2 quokkas
  3 ball pythons
  3 frilled lizards
  2 rats
47 creatures vanquished.

Notes
Turn   | Place    | Note
-------+----------+-------------------------------------------
     0 | D:5      | Reached skill level 9 in Stealth
     0 | D:5      | flotson the Gnoll Delver began the quest for the Orb.
     0 | D:5      | Reached XP level 1. HP: 23/23 MP: 1/1
   106 | D:3      | Reached XP level 2. HP: 24/29 MP: 2/2
   163 | D:3      | Noticed Terence
   192 | D:3      | Killed Terence
   193 | D:3      | Reached skill level 1 in Invocations
   193 | D:3      | Reached XP level 3. HP: 15/35 MP: 2/4
   439 | D:3      | Reached skill level 1 in Short Blades
   439 | D:3      | Reached skill level 1 in Long Blades
   439 | D:3      | Reached skill level 1 in Axes
   439 | D:3      | Reached skill level 1 in Maces & Flails
   439 | D:3      | Reached skill level 1 in Staves
   439 | D:3      | Reached skill level 1 in Slings
   439 | D:3      | Reached skill level 1 in Bows
   439 | D:3      | Reached skill level 1 in Crossbows
   439 | D:3      | Reached skill level 1 in Throwing
   439 | D:3      | Reached skill level 1 in Armour
   439 | D:3      | Reached skill level 1 in Shields
   439 | D:3      | Reached skill level 1 in Unarmed Combat
   439 | D:3      | Reached skill level 1 in Spellcasting
   439 | D:3      | Reached skill level 1 in Evocations
   661 | D:2      | Reached XP level 4. HP: 9/41 MP: 5/5
  1033 | D:1      | Reached skill level 1 in Conjurations
  1033 | D:1      | Reached skill level 1 in Hexes
  1033 | D:1      | Reached skill level 1 in Summonings
  1033 | D:1      | Reached skill level 1 in Necromancy
  1033 | D:1      | Reached skill level 1 in Translocations
  1033 | D:1      | Reached skill level 1 in Transmutations
  1033 | D:1      | Reached skill level 1 in Fire Magic
  1033 | D:1      | Reached skill level 1 in Ice Magic
  1033 | D:1      | Reached skill level 1 in Air Magic
  1033 | D:1      | Reached skill level 1 in Earth Magic
  1033 | D:1      | Reached skill level 1 in Poison Magic
  1100 | D:1      | Found a faded altar of an unknown god.
  2073 | D:2      | Noticed Sigmund
  2155 | D:3      | Reached XP level 5. HP: 47/47 MP: 6/6
  2484 | D:3      | Noticed Ijyb
  2489 | D:3      | Killed from afar by Ijyb

Illustrated notes

Levels and vault maps discovered:
D:1:      scummos_arrival_forest, layout_loops_cross,
          hellmonk_ecumenical_altar_run_dry
D:2:      kb_forest_paths, layout_basic, uniq_sigmund
D:3:      layout_rooms, uniq_terence, uniq_crazy_yiuf_cottage, uniq_ijyb
D:4:      layout_basic, uniq_grinder
D:5:      layout_loops_cross, serial_shops,
          nicolae_shop_temple_entry_statues_fountains, st_stairs_8

Skill      XL: |  1  2  3  4 |
---------------+-------------+-----
Stealth        | |  9.6
Invocations    | 1 |  1.5
Short Blades   | 1 |  1.4
Long Blades    | 1 |  1.4
Axes           | 1 |  1.4
Maces & Flails | 1 |  1.4
Staves         | 1 |  1.4
Slings         | 1 |  1.4
Bows           | 1 |  1.4
Crossbows      | 1 |  1.4
Throwing       | 1 |  1.4
Armour         | 1 |  1.4
Shields        | 1 |  1.4
Unarmed Combat | 1 |  1.4
Spellcasting   | 1 |  1.4
Evocations     | 1 |  1.4
Conjurations   | 1 |  1.1
Hexes          | 1 |  1.1
Summonings     | 1 |  1.1
Necromancy     | 1 |  1.1
Translocations | 1 |  1.1
Transmutations | 1 |  1.1
Fire Magic     | 1 |  1.1
Ice Magic      | 1 |  1.1
Air Magic      | 1 |  1.1
Earth Magic    | 1 |  1.1
Poison Magic   | 1 |  1.1
Fighting       | |  6.6
Polearms       | |  4.7
Dodging        | |  4.7

Action                   |  1- 3 |  4- 6 || total
-------------------------+-------+-------++-------
Melee: Trident           |    66 |    31 ||    97
       Bite              |     7 |     1 ||     8
       Punch             |     1 |       ||     1
 Fire: Hunting sling     |       |    52 ||    52
  Use: Potion            |     1 |       ||     1
 Stab: Sleeping          |     3 |     8 ||    11
Armor: Leather armour    |     1 |       ||     1
       Chain mail        |     6 |       ||     6
       Scale mail        |     4 |     2 ||     6
       Ring mail         |       |     7 ||     7
Dodge: Dodged            |    38 |     9 ||    47

Table legend: (Time is in decaauts)
 A = Elapsed time spent in this place.
 B = Non-inter-level travel time spent in this place.
 C = Inter-level travel time spent in this place.
 D = Time resting spent in this place.
 E = Time spent auto-exploring this place.
 F = Levels seen in this place.
 G = Mean time per level.
                   A        B        C        D        E       F      G
               +--------+--------+--------+--------+--------+-----+--------+
         Total |   2484 |   2352 |    132 |      0 |   1973 |   5 |  496.8 |
       Dungeon |   2484 |   2352 |    132 |      0 |   1973 |   5 |  496.8 |
               +--------+--------+--------+--------+--------+-----+--------+

Top non-repeatable levels by time:
     D:2: 968 daAuts
     D:3: 750 daAuts
     D:1: 667 daAuts
     D:5: 85 daAuts
     D:4: 12 daAuts
